 Dungeon Crawl Stone Soup version 0.28-a0-751-gef3a642a4e (webtiles) character file.

Game seed: 2456079093606397427

803 KoroneIsBestGirl the Chiller (level 7, -4/46 HPs)
             Began as a Barachi Ice Elementalist on Oct 31, 2021.
             Slain by a two-headed ogre (13 damage)
             ... on level 5 of the Dungeon.
             The game lasted 00:07:35 (6340 turns).

KoroneIsBestGirl the Chiller (BaIE)                 Turns: 6340, Time: 00:07:36

Health: -4/46      AC:  4    Str: 10    XL:     7   Next: 91%
Magic:  6/14       EV: 13    Int: 17    God:
Gold:   172        SH:  0    Dex: 12    Spells: 11/15 levels left

rFire   . . .      SeeInvis +   b - +4 short sword
rCold   . . .      Faith    .   (no shield)
rNeg    . . .      Spirit   .   f - +0 leather armour
rPois   .          Reflect  .   (no helmet)
rElec   .          Harm     .   e - +0 cloak
rCorr   .          Rampage  .   (no gloves)
Will    .....                   (no boots)
Stlth   ++........              (no amulet)
HPRegen 0.15/turn               o - ring of see invisible
MPRegen 0.14/turn               (no ring)

@: freezing walls, slow
A: amphibious, slowness 1, strong legs 1, +LOS
a: Hop


You were on level 5 of the Dungeon.
You visited 1 branch of the dungeon, and saw 5 of its levels.

You collected 172 gold pieces.

Inventory:

Hand Weapons
 b - a +4 short sword (weapon)
Missiles
 m - a throwing net
Armour
 a - a +0 robe
 e - a +0 cloak (worn)
 f - a +0 leather armour (worn)
Jewellery
 o - a ring of see invisible (left hand)
Wands
 p - a wand of iceblast (6)
Scrolls
 c - 4 scrolls of teleportation {unknown}
 d - 2 scrolls of identify {unknown}
 i - a scroll of fog {unknown}
 j - a scroll of immolation {unknown}
 k - a scroll of fear {unknown}
 l - 2 scrolls of amnesia {unknown}
 r - 2 scrolls of blinking {unknown}
Potions
 g - 2 potions of brilliance {unknown}
 h - a potion of haste {unknown}
 n - a potion of lignification {unknown}
 q - 2 potions of might


   Skills:
 * Level 4.6 Armour
 + Level 5.2 Dodging
 - Level 1.7 Stealth
 + Level 4.8 Spellcasting
 + Level 7.0 Ice Magic


You had 11 spell levels left.
You knew the following spells:

 Your Spells              Type           Power      Damage    Failure   Level
a - Freeze                Ice            100%       1d11      1%          1
b - Frozen Ramparts       Ice            56%        1d7       3%          3

Your spell library contained the following spells:

 Spells                   Type           Power      Damage    Failure   Level
 Ozocubu's Armour         Ice            28%        N/A       3%          3
 Hailstorm                Conj/Ice       16%        3d6       41%         4
 Stone Arrow              Conj/Erth      8%         3d7       50%         3
 Animate Armour           Summ/Erth      8%         N/A       88%         4
 Lehudib's Crystal Spear  Conj/Erth      2%         10d2      100%        8


Dungeon Overview and Level Annotations

Branches:
Dungeon (5/15)
 Temple: D:4-7

Altars:
Cheibriados
Qazlal

Shops:
D:5 **

Annotations:
D:4 Grinder


Innate Abilities, Weirdness & Mutations

You are amphibious.
You cover ground slowly.
You can hop short distances.
You have an extended range of vision and can be seen from far away.


Message History

A two-headed ogre is nearby!
Casting: Freeze (safe; 1% risk of failure)
Confirm with . or Enter, or press ? or * to list all spells.
Casting: Frozen Ramparts (dangerous; 3% risk of failure)
Press: ? - help, Dir - look around, f - activate The walls around you are covered in ice.
The two-headed ogre shouts in stereo!
The wall freezes the two-headed ogre!
You freeze the two-headed ogre.
The two-headed ogre is moderately wounded.
You freeze the two-headed ogre.
The two-headed ogre is moderately wounded.
The wall freezes the two-headed ogre.
The two-headed ogre hits you with a +0 giant club! x2
You freeze the two-headed ogre!
The two-headed ogre is severely wounded.
The wall freezes the two-headed ogre.
The two-headed ogre hits you with a +0 giant club.
The two-headed ogre hits you with a +0 giant club!!
* * * LOW HITPOINT WARNING * * *
You are too injured to fight recklessly!
Casting: Freeze (safe; 1% risk of failure)
Confirm with . or Enter, or press ? or * to list all spells.
Aiming: Freeze (safe; 1% risk of failure)
Press: ? - help, Shift-Dir - straight line, f/p - two-headed ogre
Aim: a two-headed ogre, wielding two +0 giant clubs (severely wounded)
You freeze the two-headed ogre.
The two-headed ogre is severely wounded.
An orc comes into view. It is wielding a +0 whip.
The wall freezes the two-headed ogre.
The two-headed ogre misses you. x2
Casting: Freeze (safe; 1% risk of failure)
Confirm with . or Enter, or press ? or * to list all spells.
Aiming: Freeze (safe; 1% risk of failure)
Press: ? - help, Shift-Dir - straight line, f/p - two-headed ogre
Aim: a two-headed ogre, wielding two +0 giant clubs (severely wounded)
You freeze the two-headed ogre.
The two-headed ogre is almost dead.
The wall freezes the two-headed ogre.
The two-headed ogre barely misses you.
The two-headed ogre hits you with a +0 giant club!
You die...

# #.#.......... #######
#.#.######### ......###.#.#######
....................
######.##.#.######.#
#..#.#.######### ####
##.#.#.#...(... ...#
#.#...#.#.#O#.#.#.# ...#
#.#.......@....o...
...####.#...############+###
............######.##......######
...####.......^...†...#..........
...# ##.#####.###.####.#########
#.## #.## #...##.# #....# #.#
#..# #......# #....# #.###
##.###......# #....# ....#
#).....#...# #....#


You could see a two-headed ogre and an orc.

Vanquished Creatures
  2 necrophages
  An ogre (D:5)
  A bullfrog zombie (D:5)
  A bullfrog skeleton (D:5)
  A centaur skeleton (D:4)
  A gnoll shaman (D:5)
  2 hounds
  Ijyb (D:3)
  3 iguanas
  A hound zombie (D:5)
  8 gnolls
  8 adders
  An adder skeleton (D:4)
  2 worms
  A dart slug (D:1)
  An orc (D:3)
  9 endoplasms
  3 giant cockroaches
  6 goblins
  11 hobgoblins
  4 jackals
  5 quokkas
  8 ball pythons
  11 bats
  2 frilled lizards
  14 kobolds
  3 rats
111 creatures vanquished.

Vanquished Creatures (others)
  A quokka (D:3)
  7 fungi (D:2)
  7 plants (D:2)
15 creatures vanquished.

Grand Total: 126 creatures vanquished

Notes
Turn   | Place    | Note
-------+----------+-------------------------------------------
     0 | D:1      | KoroneIsBestGirl the Barachi Ice Elementalist began the
                  | quest for the Orb.
     0 | D:1      | Reached XP level 1. HP: 13/13 MP: 3/3
   474 | D:1      | Reached skill level 5 in Ice Magic
   474 | D:1      | Reached XP level 2. HP: 12/19 MP: 1/5
  1483 | D:1      | Reached XP level 3. HP: 18/24 MP: 4/7
  2307 | D:2      | Learned a level 3 spell: Frozen Ramparts
  2574 | D:2      | Reached XP level 4. HP: 30/30 MP: 8/8
  2837 | D:2      | Found a faded altar of an unknown god.
  3663 | D:3      | Noticed a necrophage
  3675 | D:3      | Killed a necrophage
  3676 | D:3      | Reached skill level 6 in Ice Magic
  3676 | D:3      | Reached XP level 5. HP: 18/35 MP: 1/10
  4190 | D:3      | Reached XP level 6. HP: 35/41 MP: 7/11
  4347 | D:3      | Found a snail-covered altar of Cheibriados.
  4347 | D:3      | Found a stormy altar of Qazlal.
  4393 | D:3      | Noticed Ijyb
  4404 | D:3      | Killed Ijyb
  4405 | D:3      | Reached skill level 1 in Armour
  4816 | D:4      | Noticed Grinder
  5369 | D:5      | Entered Level 5 of the Dungeon
  5537 | D:5      | Reached XP level 7. HP: 46/46 MP: 6/13
  5934 | D:5      | Reached skill level 5 in Dodging
  6071 | D:5      | Found Winnab's Specific Store.
  6071 | D:5      | Found Guhikhej's General Store.
  6096 | D:5      | Reached skill level 7 in Ice Magic
  6333 | D:5      | Noticed a two-headed ogre
  6340 | D:5      | Slain by a two-headed ogre

Illustrated notes

Levels and vault maps discovered:
D:1:      erik_arrival_cave_to_civilisation [erik_arrival_cave_to_hall],
          layout_basic
D:2:      layout_basic, shapermc_ecumenical_altar_mp_urbaneastern,
          chequers_serial_rivers_micro_c, grunt_decor_junction,
          chequers_serial_rivers_micro_e, chequers_serial_rivers_small_3,
          roderic_roman_lattice
D:3:      layout_rooms, gammafunk_temple_overflow_elements,
          minmay_joined_circles, uniq_ijyb
D:4:      layout_cave_pools, kennysheep_little_box,
          mainiacjoe_overflow_surrounded_room, minmay_snake_closets,
          uniq_grinder
D:5:      layout_basic, hangedman_decor_points, minmay_misc_feat_five,
          nicolae_specific_store, hangedman_minor_gate_pass

Skill      XL: |  1  2  3  4  5  6  7 |
---------------+----------------------+-----
Ice Magic      | 5 6 7 |  7.0
Dodging        | 3 4 5 |  5.2
Spellcasting   | 3 4 |  4.8
Armour         | 3 4 |  4.6
Stealth        | |  1.7

Action                   |  1- 3 |  4- 6 |  7- 9 || total
-------------------------+-------+-------+-------++-------
Melee: Unarmed           |     2 |       |       ||     2
       Short sword       |    16 |    30 |    23 ||    69
 Cast: Freeze            |    51 |    76 |    37 ||   164
       Frozen Ramparts   |       |    11 |     3 ||    14
 Abil: Hop               |     2 |     1 |       ||     3
 Stab: Sleeping          |     1 |       |       ||     1
Armor: Robe              |    22 |    19 |     2 ||    43
       Leather armour    |       |       |     4 ||     4
Dodge: Dodged            |    51 |    83 |    36 ||   170

Table legend: (Time is in decaauts)
 A = Elapsed time spent in this place.
 B = Non-inter-level travel time spent in this place.
 C = Inter-level travel time spent in this place.
 D = Time resting spent in this place.
 E = Time spent auto-exploring this place.
 F = Levels seen in this place.
 G = Mean time per level.
                   A        B        C        D        E       F      G
               +--------+--------+--------+--------+--------+-----+--------+
         Total |   6860 |   6667 |    193 |   1107 |   4692 |   5 | 1372.0 |
       Dungeon |   6860 |   6667 |    193 |   1107 |   4692 |   5 | 1372.0 |
               +--------+--------+--------+--------+--------+-----+--------+

Top non-repeatable levels by time:
     D:1: 1959 daAuts
     D:2: 1888 daAuts
     D:3: 1530 daAuts
     D:5: 1031 daAuts
     D:4: 449 daAuts
